 Dungeon Crawl Stone Soup version 0.22.1-2-g9c5b331383 (webtiles) character file.

875 Revguard the Slasher (level 7, -8/53 HPs)
             Began as a Demonspawn Gladiator on Dec 6, 2018.
             Killed by divine providence
             ... invoked by an orc priest
              (14 damage)
             ... on level 4 of the Dungeon.
             The game lasted 00:13:36 (2992 turns).

Revguard the Slasher (Demonspawn Gladiator)         Turns: 2992, Time: 00:13:37

Health: -8/53      AC:  7    Str: 17 (18) XL:     7   Next: 74%
Magic:  7/7        EV: 18    Int: 11 (13) God:
Gold:   231        SH:  0    Dex: 15 (17) Spells: 6/6 levels left

rFire    . . .     SeeInvis .   a - +0 long sword
rCold    . . .     Gourm    .   (no shield)
rNeg     . . .     Faith    .   b - +0 leather armour
rPois    .         Spirit   .   (no helmet)
rElec    .         Reflect  .   (no cloak)
rCorr    +         Harm     .   (no gloves)
MR       .....                  (no boots)
Stlth    ++++......             (no amulet)
HPRegen  0.57/turn              t - ring of resist corrosion
MPRegen  0.10/turn              g - ring of stealth

@: brilliant, agile, flying
A: claws 1, iridescent scales 2, clumsy 1, demonic guardian 1, dopey 1, powered
by death 1, regeneration 1, strong 1
a: no special abilities


You were on level 4 of the Dungeon.
You were hungry.

You visited 1 branch of the dungeon, and saw 4 of its levels.

You collected 231 gold pieces.

Inventory:

Hand Weapons
 a - a +0 long sword (weapon)
Missiles
 d - 3 throwing nets (quivered)
Armour
 b - a +0 leather armour (worn)
 c - a +0 helmet
Jewellery
 g - a ring of stealth (right claw)
 h - an uncursed ring of ice {unknown}
 k - an uncursed ring of fire
 r - an uncursed ring of positive energy
 t - a ring of resist corrosion (left claw)
Scrolls
 e - a scroll of magic mapping {unknown}
 j - a scroll of remove curse {unknown}
 q - 3 scrolls of identify {unknown}
Potions
 i - 2 potions of curing
 n - 2 potions of brilliance
 o - a potion of flight
 s - a potion of cancellation {unknown}
 u - a potion of heal wounds
Comestibles
 f - 10 rations


   Skills:
 + Level 3.7 Fighting
 + Level 6.1 Long Blades
 - Level 1.7 Throwing
 + Level 2.7 Armour
 + Level 3.8 Dodging
 + Level 2.8 Stealth


You had 6 spell levels left.
You didn't know any spells.
Your spell library was empty.

Dungeon Overview and Level Annotations

Branches:
Dungeon (4/15)
 Temple: D:4-7

Altars:
Nemelex Xobeh
Xom


Innate Abilities, Weirdness & Mutations

You have sharp fingernails.
You are mostly covered in iridescent scales. (AC +4)
A weak demonic guardian rushes to your aid.
You regenerate a little health from kills.
You are clumsy. (Dex -2)
You are dopey. (Int -2)
Your natural rate of healing is unusually fast.
Your muscles are strong. (Str +2)


Message History

Orders for allies: a - Attack new target. p - Attack previous target. r - Retreat! s - Stop attacking. g - Guard the area. f - Follow me.
Anything else - Cancel.
Gang up on whom?
Press: ? - help, Dir - move target cursor, f/p - orc priest
Aim: an orc priest, wielding a falchion (heavily wounded) Attack!
The orc priest hits your iron imp with a falchion!
The orc closely misses your iron imp.
Your iron imp barely misses the orc priest.
The orc barely misses your iron imp.
The orc priest hits your iron imp but does no damage.
Your iron imp disappears in a puff of smoke!
The orc priest invokes the aid of Beogh against you.
Beogh smites you!
* * * LOW HITPOINT WARNING * * *
The orc priest mumbles some strange prayers to Beogh against you.
Beogh smites you!
You die...

####### ##
#.....#
...##.....# ..#
#........# ..#
#.#######o....##
..
#....5@..o.....#
.#
#..########o##.#
.# # #.##.# p#
#o##o# .######.
#)##.# ...p....
#o##5# .####..
#.##ยง# ..p.....
#.# #.##.######
#####... #.###
#.##......#


You could see 2 orc priests, an orc and a friendly ufetubus.

Vanquished Creatures
  Pikel (D:4)
  Sigmund (D:3)
  A scorpion (D:4)
  A howler monkey (D:4)
  A hound (D:4)
  An orc wizard (D:3)
  Robin (D:4)
  3 adders
  An adder skeleton (D:4)
  5 worms
  2 dart slugs (D:1)
  A leopard gecko (D:4)
  9 orcs
  A ball python (D:2)
  5 giant cockroaches
  10 hobgoblins
  7 jackals (D:1)
  3 quokkas
  10 bats
  7 frilled lizards
  14 goblins
  7 kobolds
  8 rats
100 creatures vanquished.

Vanquished Creatures (collateral kills)
  The ghost of loran1212 the Sneak, an amateur SpAs (D:3)
  An orc wizard (D:4)
  2 leopard geckos (D:4)
4 creatures vanquished.

Vanquished Creatures (others)
  A hound skeleton (D:4)
  A worm (D:4)
  A withered plant (D:3)
3 creatures vanquished.

Grand Total: 107 creatures vanquished

Notes
Turn   | Place    | Note
-------+----------+-------------------------------------------
     0 | D:1      | Revguard the Demonspawn Gladiator began the quest for the
                  | Orb.
     0 | D:1      | Reached XP level 1. HP: 16/16 MP: 1/1
   154 | D:1      | Gained mutation: You regenerate a little health from kills.
                  | [demonic ancestry]
   154 | D:1      | Reached XP level 2. HP: 10/22 MP: 2/2
   372 | D:1      | Reached skill level 3 in Long Blades
   715 | D:1      | Gained mutation: You have sharp fingernails. [demonic
                  | ancestry]
   715 | D:1      | Reached XP level 3. HP: 28/28 MP: 3/3
  1305 | D:2      | Found a shimmering altar of Xom.
  1334 | D:2      | Gained mutation: You are partially covered in iridescent
                  | scales. (AC +2) [demonic ancestry]
  1334 | D:2      | Reached XP level 4. HP: 34/34 MP: 4/4
  1754 | D:3      | Reached skill level 1 in Stealth
  1782 | D:3      | Found a runed door.
  1783 | D:3      | Noticed loran1212's ghost (amateur SpAs)
  1787 | D:3      | Found a sparkling altar of Nemelex Xobeh.
  1805 | D:3      | Found a shimmering altar of Xom.
  1809 | D:3      | Found a shimmering altar of Xom.
  1810 | D:3      | Found a shimmering altar of Xom.
  1811 | D:3      | Found a shimmering altar of Xom.
  1811 | D:3      | Found a shimmering altar of Xom.
  1843 | D:3      | Found a shimmering altar of Xom.
  1843 | D:3      | Found a shimmering altar of Xom.
  1911 | D:3      | Noticed Sigmund
  1927 | D:3      | Killed Sigmund
  1927 | D:3      | Reached skill level 4 in Long Blades
  1927 | D:3      | Reached skill level 1 in Armour
  1927 | D:3      | Reached XP level 5. HP: 30/40 MP: 5/5
  1937 | D:3      | Gained mutation: A weak demonic guardian rushes to your
                  | aid. [demonic ancestry]
  1937 | D:3      | Reached XP level 6. HP: 25/47 MP: 6/6
  2393 | D:3      | Killed loran1212's ghost
  2393 | D:3      | Reached skill level 5 in Long Blades
  2490 | D:4      | Noticed a slave
  2494 | D:4      | Noticed a slave
  2502 | D:4      | Noticed a slave
  2503 | D:4      | Noticed a slave
  2524 | D:4      | Noticed Pikel
  2571 | D:4      | Killed Pikel
  2571 | D:4      | Reached XP level 7. HP: 39/52 MP: 7/7
  2833 | D:4      | Noticed Robin
  2856 | D:4      | Killed Robin
  2859 | D:4      | Reached skill level 6 in Long Blades
  2952 | D:4      | Gained mutation: You expend magic power (3 MP) to
                  | strengthen your wands. [potion of mutation]
  2952 | D:4      | Gained mutation: You have sharp toenails. [potion of
                  | mutation]
  2953 | D:4      | Lost mutation: You have sharp toenails. [potion of
                  | mutation]
  2953 | D:4      | Lost mutation: You expend magic power (3 MP) to strengthen
                  | your wands. [potion of mutation]
  2953 | D:4      | Gained mutation: You are dopey. (Int -2) [potion of
                  | mutation]
  2953 | D:4      | Gained mutation: You have a pair of small antennae on your
                  | head. [potion of mutation]
  2953 | D:4      | Gained mutation: You have an increased reservoir of magic.
                  | (+10% MP) [potion of mutation]
  2954 | D:4      | Lost mutation: You have a pair of small antennae on your
                  | head. [potion of mutation]
  2954 | D:4      | Lost mutation: You have an increased reservoir of magic.
                  | (+10% MP) [potion of mutation]
  2954 | D:4      | Gained mutation: You are clumsy. (Dex -2) [potion of
                  | mutation]
  2954 | D:4      | Gained mutation: You are mostly covered in iridescent
                  | scales. (AC +4) [potion of mutation]
  2954 | D:4      | Gained mutation: Your muscles are strong. (Str +2) [potion
                  | of mutation]
  2954 | D:4      | Gained mutation: Your natural rate of healing is unusually
                  | fast. [potion of mutation]
  2992 | D:4      | Killed from afar by an orc priest

Skill      XL: |  1  2  3  4  5  6  7 |
---------------+----------------------+-----
Long Blades    | 3 4 5 6 |  6.1
Dodging        | 3 |  3.8
Stealth        | 1 2 |  2.8
Armour         | 1 2 |  2.7
Fighting       | 3 |  3.7
Throwing       | |  1.7

Action                   |  1- 3 |  4- 6 |  7- 9 || total
-------------------------+-------+-------+-------++-------
Melee: Long sword        |   106 |   147 |    82 ||   335
  Use: Scroll            |     3 |     1 |       ||     4
       Potion            |       |     4 |     9 ||    13
 Stab: Sleeping          |     1 |     6 |     1 ||     8
  Eat: Chunk             |     1 |     4 |     2 ||     7
Armor: Leather armour    |    31 |    38 |    13 ||    82
       Skin              |       |    21 |    31 ||    52
Dodge: Dodged            |    89 |    89 |    38 ||   216
       Rpst.: Long sword |    31 |    30 |    15 ||    76
